 Dungeon Crawl Stone Soup version 0.14.0-12-g87ee3b7 (webtiles) character file.

194694 Leibowitz the Imperceptible (level 18, -5/117 HPs)
             Began as a Kobold Gladiator on Apr 15, 2014.
             Was the Champion of Dithmenos.
             Killed from afar by a thorn hunter (33 damage)
             ... with a volley of thorns
             ... on Level 5 of the Swamp on Apr 16, 2014.
             The game lasted 04:18:56 (48614 turns).

Leibowitz the Imperceptible (Kobold Gladiator)     Turns: 48614, Time: 04:18:59

HP  -5/117       AC 10     Str 17      XL: 18   Next: 88%
MP   0/27        EV 29     Int  6      God: Dithmenos [******]
Gold 3110        SH 19     Dex 21      Spells:  0 memorised, 17 levels left

rFire  + . .     SeeInvis .     m - +11,+8 dagger of Magnificence {drain, +Inv rPois}
rCold  + . .     Clarity  +     B - +2 ring mail of Unreason {+Blink +Rage MR+}
rNeg   . . .     Conserve .     n - +1 buckler {rF+}
rPois  +         rCorr    .     c - +0 helmet (curse)
rElec  +         rRot     .     K - +1 cloak {rPois}
SustAb . .       Spirit   +     W - -2 pair of gloves of Summertime {rElec rC+}
rMut   .         Warding  .     (no boots)
Saprov + + .     Stasis   .     I - amulet "Cuhohag" {Spirit Hunger +Blink rElec}
MR     ++...                    A - ring of flight
                                F - +3,+4 ring of slaying

@: very slightly contaminated, wreathed by umbra, very resistant to hostile
enchantments, uncannily stealthy
A: disease resistance, rugged brown scales 1, carnivore 3, clarity, fast
metabolism 1, saprovore 2
a: Shadow Step, Shadow Form, Renounce Religion, Evoke Blink, Evoke Berserk Rage,
Evoke Invisibility, Evoke Flight
}: 1/15 runes: decaying


You were on level 5 of the Swamp.
You worshipped Dithmenos.
Dithmenos was exalted by your worship.
You were full.

You visited 6 branches of the dungeon, and saw 38 of its levels.
You also visited: Ice Cave.

You collected 3826 gold pieces.
You spent 716 gold pieces at shops.

Inventory:

Hand weapons
 i - a +3,+2 dagger of venom
 m - the +11,+8 dagger of Magnificence (weapon) {drain, +Inv rPois}
   (You bought it in a shop on level 4 of the Orcish Mines)

   A truly terrible weapon, it drains the life of those it strikes.
   It protects you from poison.
   It lets you turn invisible.
Missiles
 d - 2 throwing nets (quivered)
Armour
 c - a cursed +0 helmet (worn)
 n - a +1 buckler of fire resistance (worn)
 B - the cursed +2 ring mail of Unreason (worn) {+Blink +Rage MR+}
   (You took it off an orc on level 4 of the Orcish Mines)

   It affects your resistance to hostile enchantments.
   It lets you blink.
   It lets you go berserk.
   It has a curse placed upon it.
 K - a +1 cloak of poison resistance (worn)
 W - the cursed -2 pair of gloves of Summertime (worn) {rElec rC+}
   (You bought it in a shop on level 2 of the Orcish Mines)

   It protects you from cold.
   It insulates you from electricity.
   It has a curse placed upon it.
Magical devices
 f - a wand of cold (11)
 k - a wand of heal wounds (4)
 r - a wand of lightning (7)
 t - a wand of digging (10)
 z - a wand of heal wounds (6)
 H - a wand of paralysis (11)
 Q - a wand of cold (13)
 X - a wand of disintegration (6)
Comestibles
 a - 6 meat rations
 U - a sausage
Scrolls
 j - 22 scrolls of remove curse
 l - 9 scrolls of identify
 p - 3 scrolls of fear
 s - 3 scrolls of blinking
 u - a scroll of magic mapping
 y - 4 scrolls of fog
 D - 5 scrolls of teleportation
 G - 4 scrolls of recharging
 N - a scroll of vulnerability
Jewellery
 g - an uncursed ring of protection from fire
 o - an uncursed amulet of resist corrosion
 q - an uncursed amulet of stasis
 v - a +5 ring of dexterity
 w - a cursed ring of protection from cold
 A - a ring of flight (right hand)
 C - an uncursed amulet of clarity
 F - a +3,+4 ring of slaying (left hand)
 I - the amulet "Cuhohag" (around neck) {Spirit Hunger +Blink rElec}
   (You took it off a naga on level 3 of the Snake Pit)

   [amulet of guardian spirit]

   It insulates you from electricity.
   It lets you blink.
   It speeds your metabolism.
 M - an uncursed ring of protection from cold
Potions
 b - a potion of agility
 h - a potion of magic
 J - 2 potions of brilliance
 L - 2 potions of invisibility
 O - 2 potions of berserk rage
 P - 14 potions of curing
 R - a potion of haste
 T - 2 potions of flight
 V - 3 potions of might


   Skills:
 * Level 13.1 Fighting
 + Level 14.9 Short Blades
 - Level 2.6 Throwing
 * Level 17.9 Dodging
 * Level 23.5 Stealth
 * Level 11.2 Shields
 * Level 6.6 Evocations


You had 17 spell levels left.
You didn't know any spells.

Dungeon Overview and Level Annotations

Branches:
Dungeon (15/15)            Temple (1/1) D:6             Orc (4/4) D:12
    Elf (0/3) Orc:3          Lair (8/8) D:10          Swamp (5/5) Lair:3
  Snake (5/5) Lair:4        Slime (0/6) Lair:7       Vaults (0/5) D:13
 Depths (0/5) D:15

Altars:
Ashenzari
Cheibriados
Dithmenos
Elyvilon
Fedhas
Kikubaaqudgha
Makhleb
Okawaru
Sif Muna
Trog
Vehumet
Xom
Yredelemnul
Zin
The Shining One
Beogh

Shops:
D:4 (   D:7 %   D:14 *   Orc:1 }   Orc:2 [   Orc:3 ?   Orc:4 (([}   Snake:2 *}(
Snake:3 *

Annotations:
D:9 1 exclusion
D:14 exclusion: 2 doors


Innate Abilities, Weirdness & Mutations

You recuperate from illness quickly.
You are small and have problems with some larger weapons.
You are carnivorous and can eat meat at any time.
You can eat rotten meat.
You are partially covered in rugged brown scales (AC +1, +3% HP).
You possess an exceptional clarity of mind.
You have a fast metabolism.


Message History

You hit the thorn hunter.
The thorn hunter is almost destroyed.
The thorn hunter fires a volley of thorns at you.
The volley of thorns misses you.
You hit the thorn hunter but do no damage.
The thorn hunter is almost destroyed.
You closely miss the thorn hunter.
The thorn hunter is almost destroyed.
Your shadow hits the thorn hunter but does no damage.
The thorn hunter closely misses you. The thorn hunter hits you!
* * * LOW HITPOINT WARNING * * *
You puncture the thorn hunter!
The thorn hunter is almost destroyed.
You hit the thorn hunter but do no damage.
The thorn hunter is almost destroyed.
Your shadow hits the thorn hunter but does no damage.
You flicker back into view.
The thorn hunter fires a volley of thorns at you.
The volley of thorns hits you!
You die...

♣♣ ♣♣♣♣♣♣ ♣♣♣♣ ♣♣≈♣♣
♣≈.≈≈♣♣ ♣≈≈♣
♣≈≈≈♣♣♣♣<.♣..♣♣♣♣♣≈≈♣
♣≈≈≈≈♣♣..≈≈..≈♣♣@P.♣♣
♣♣#.....≈≈PP≈..≈≈≈≈.♣♣
≈≈.≈≈≈≈f≈.≈PP.≈≈≈≈≈≈.♣♣
..≈≈≈≈≈.≈.≈PP≈≈≈≈≈≈≈≈.♣
#....<§≈≈≈≈≈≈%≈.≈§≈≈≈♣♣
...<.§%≈≈.≈≈≈≈.≈≈≈≈≈.♣
≈..≈...≈≈.≈≈≈≈≈≈≈.♣♣♣♣
≈≈.≈≈≈≈.♣≈§≈≈≈≈≈.≈♣
≈≈≈≈≈≈≈≈..≈≈≈≈≈..o♣


You could see a thorn hunter and an orc warrior.

Vanquished Creatures
  Saint Roka (Swamp:5)
  the Lernaean hydra (Swamp:5)
  Nikola (Swamp:2)
  2 orc warlords (Orc:4)
  Gastronok (Lair:3)
  Aizul (Snake:4)
  Snorg (Swamp:1)
  An ettin (D:14)
  Fannar (D:11)
  A deep elf high priest (D:14)
  21 hydras
  A great orb of eyes (D:14)
  A shambling mangrove (Swamp:4)
  3 alligators
  6 anacondas
  8 naga sharpshooters
  2 tengu warriors (D:14)
  3 orc high priests (Orc:4)
  Urug (D:11)
  2 shock serpents
  Nergalle (D:11)
  A deep elf knight (D:13)
  3 naga warriors
  Erica (D:13)
  5 skeletal warriors (D:15)
  5 very ugly things
  2 ice statues (IceCv)
  Erolcha (D:10)
  Pikel (D:4)
  A deep elf conjurer (D:15)
  9 hill giants
  An unseen horror (D:15)
  5 orc sorcerers (Orc:4)
  5 cyclopes
  6 centaur warriors
  A griffon (Lair:3)
  8 orc knights
  A deep troll earth mage (D:14)
  Maurice (Orc:4)
  3 manticores
  4 gargoyles
  31 spiny frogs
  7 mana vipers
  A feature mimic (Lair:5)
  An item mimic (Lair:7)
  3 guardian serpents
  13 naga magi
  2 naga ritualists
  24 black mambas
  2 fire drakes
  10 swamp dragons
  4 yaktaurs (D:13)
  A hydra zombie (D:12)
  2 komodo dragons (shapeshifter)
  2 efreet
  3 two-headed ogres
  2 deep elf priests
  15 blink frogs (Lair:8)
  5 komodo dragons
  7 trolls
  4 baby alligators (Swamp:1)
  9 giant leeches
  4 bog bodies
  11 giant fireflies
  A catoblepas skeleton (D:15)
  A yaktaur (shapeshifter) (D:15)
  12 ravens
  6 deep elf magi
  3 basilisks
  47 orc warriors
  23 slime creatures
  A water elemental (D:12)
  2 shadows
  9 spriggans
  A trapdoor spider (shapeshifter) (D:14)
  2 thorn lotuses
  A human (shapeshifter) (D:15)
  A trapdoor spider (D:14)
  3 deep elf fighters (D:15)
  3 wraiths (D:14)
  52 yaks
  6 wolves (Lair:7)
  A steam dragon (D:10)
  3 boggarts (D:15)
  46 ugly things
  10 sharks
  12 hippogriffs
  4 hungry ghosts
  2 hill giant skeletons
  13 wargs
  3 wyverns
  Edmund (D:9)
  20 vampire mosquitoes
  A necrophage (D:8)
  9 porcupines
  32 nagas
  21 water moccasins
  A tengu skeleton (D:14)
  2 mottled dragons
  A soldier ant (D:9)
  19 swamp worms
  10 swamp drakes
  7 sky beasts
  10 giant goldfish
  A spider (D:9)
  23 ice beasts
  2 black bears
  17 centaurs
  2 yellow wasps
  8 phantoms
  9 ogres
  13 crocodiles
  A manticore skeleton (D:12)
  Duvessa (D:5)
  A boring beetle (Lair:8)
  A gnoll sergeant (D:4)
  A brain worm (D:12)
  10 giant slugs
  An ogre simulacrum (D:15)
  Blork the orc (D:6)
  30 giant frogs
  A wyvern zombie (D:12)
  5 scorpions
  A water moccasin skeleton (D:7)
  15 insubstantial wisps
  4 jellies
  2 eyes of draining
  15 killer bees
  15 wights
  4 vampire bats (Orc:3)
  A killer bee (shapeshifter) (D:15)
  18 electric eels
  4 goliath beetles
  Dowan (D:5)
  9 crimson imps
  A gnoll shaman (D:4)
  12 big fish
  14 hounds
  Crazy Yiuf (D:4)
  27 orc priests
  33 orc wizards
  7 iguanas
  8 worker ants
  32 sheep
  3 ogre zombies
  A hound skeleton (D:6)
  3 mummies
  A worker ant zombie (D:6)
  4 gnolls
  27 adders
  An elf zombie (D:5)
  3 giant mites
  52 green rats
  An inept feature mimic (D:5)
  6 shadow imps
  7 worms
  3 giant eyeballs
  10 giant geckos
  2 oozes
  168 orcs
  5 ball pythons
  30 bats
  A bat zombie (D:5)
  6 giant cockroaches
  16 goblins
  26 hobgoblins
  18 jackals
  18 kobolds
  13 quokkas
  6 giant newts
  3 giant spores
  7 orc zombies
  27 rats
  9 ballistomycetes
  A fungus (Swamp:5)
1519 creatures vanquished.

Vanquished Creatures (collateral kills)
  An orc priest (D:6)
  An orc wizard (D:6)
2 creatures vanquished.

Vanquished Creatures (others)
  An unseen horror (D:13)
  A guardian serpent (Snake:3)
  A bog body (Swamp:2)
  A spriggan (shapeshifter) (D:15)
  A shadow (D:13)
  A slave (D:4)
  A naga (Snake:4)
  An orc wizard (Orc:4)
  A worker ant (D:4)
  2 gnolls (D:4)
  A giant mite (D:4)
  An orc (Swamp:5)
  A fungus (Lair:8)
  29 plants
43 creatures vanquished.

Grand Total: 1564 creatures vanquished

Notes
Turn   | Place    | Note
--------------------------------------------------------------
     0 | D:1      | Leibowitz, the Kobold Gladiator, began the quest for the Orb.
     0 | D:1      | Reached XP level 1. HP: 12/12 MP: 1/1
     2 | D:1      | Noticed Ducrozal the pandemonium lord
     3 | D:1      | Noticed an iron imp
     4 | D:1      | Noticed an orange demon
     6 | D:1      | Noticed a reaper
   137 | D:1      | Reached skill level 1 in Stealth
   137 | D:1      | Reached XP level 2. HP: 15/18 MP: 2/2
   522 | D:1      | Reached XP level 3. HP: 12/22 MP: 3/3
   881 | D:1      | Noticed an Executioner
   883 | D:1      | Noticed an ice devil
  1364 | D:2      | Reached XP level 4. HP: 25/27 MP: 4/4
  1517 | D:2      | Found a basalt altar of Yredelemnul.
  1831 | D:3      | Paralysed by a potion of paralysis for 3 turns
  1951 | D:3      | Reached skill level 5 in Dodging
  1951 | D:3      | Reached XP level 5. HP: 30/32 MP: 5/5
  2804 | D:4      | Reached skill level 5 in Short Blades
  2804 | D:4      | Reached XP level 6. HP: 11/37 MP: 6/6
  3167 | D:4      | Found Viaxoeli's Weapon Shop.
  3274 | D:4      | Noticed an ogre
  3291 | D:4      | Killed an ogre
  3291 | D:4      | Reached skill level 6 in Dodging
  3291 | D:4      | Reached skill level 1 in Shields
  3321 | D:4      | Reached XP level 7. HP: 7/42 MP: 7/7
  3643 | D:4      | Found a shattered altar of Ashenzari.
  4451 | D:4      | Noticed a slave
  4451 | D:4      | Noticed a slave
  4469 | D:4      | Noticed Pikel
  4469 | D:4      | Noticed a slave
  4473 | D:4      | Noticed a slave
  4485 | D:4      | Killed Pikel
  4485 | D:4      | Reached skill level 7 in Dodging
  4485 | D:4      | Reached skill level 5 in Stealth
  4485 | D:4      | Reached XP level 8. HP: 36/48 MP: 8/8
  4491 | D:4      | Killed a freed slave
  4521 | D:4      | HP: 2/48 [gnoll sergeant/whip of freezing (1)]
  4536 | D:4      | HP: 2/48 [gnoll sergeant/whip of freezing (1)]
  4842 | D:4      | Noticed a phantom
  4892 | D:4      | Killed a phantom
  5009 | D:4      | Noticed Crazy Yiuf
  5028 | D:4      | Killed Crazy Yiuf
  5028 | D:4      | Reached skill level 5 in Fighting
  5334 | D:5      | Entered Level 5 of the Dungeon
  5786 | D:5      | Reached XP level 9. HP: 30/54 MP: 9/9
  5977 | D:5      | Found an ancient bone altar of Kikubaaqudgha.
  5982 | D:5      | Found a blossoming altar of Fedhas.
  5985 | D:5      | Found an iron altar of Okawaru.
  6089 | D:5      | Reached skill level 8 in Dodging
  6328 | D:5      | Found Khacvul's Food Shop.
  6348 | D:5      | Khacvul's Food Shop was a mimic.
  6367 | D:5      | Noticed Duvessa
  6369 | D:5      | Noticed Dowan
  6452 | D:5      | Killed Dowan
  6755 | D:5      | Killed Duvessa
  7030 | D:5      | Gained mutation: You are weak. (Str -2) [potion of mutation]
  7030 | D:5      | Gained mutation: You have a fast metabolism. [potion of mutation]
  7030 | D:5      | Lost mutation: You are weak. (Str -2) [potion of mutation]
  7405 | D:6      | Noticed Blork the orc
  7408 | D:6      | Killed Blork the orc
  7557 | D:6      | Reached skill level 9 in Dodging
  7766 | D:6      | Found a staircase to the Ecumenical Temple.
  7782 | Temple   | Entered the Ecumenical Temple
  7821 | Temple   | Became a worshipper of Dithmenos the Shadowed
  8540 | D:7      | Found a glowing golden altar of the Shining One.
  8565 | D:7      | Reached XP level 10. HP: 60/60 MP: 10/10
  9046 | D:7      | Found Taocwon's Food Boutique.
  9088 | D:7      | Found a radiant altar of Vehumet.
  9303 | D:8      | Got an encrusted chain mail
  9316 | D:8      | Identified the cursed -3 chain mail "Xifesij" {Dex-1 Int+4} (You found it on level 8 of the Dungeon)
  9343 | D:8      | Found a shimmering altar of Xom.
  9935 | D:8      | Reached skill level 5 in Shields
 10000 | D:8      | Found a glowing silver altar of Zin.
 10397 | D:9      | Noticed Edmund
 10399 | D:9      | Killed Edmund
 10399 | D:9      | Reached skill level 10 in Stealth
 11033 | D:9      | Reached skill level 10 in Dodging
 11182 | D:9      | Reached XP level 11. HP: 25/67 MP: 11/11
 11495 | D:9      | Reached skill level 1 in Evocations
 11972 | D:9      | Acquired Dithmenos' first power
 12134 | D:9      | Reached skill level 11 in Stealth
 12815 | D:10     | Entered Level 10 of the Dungeon
 12903 | D:10     | Found a staircase to the Lair.
 13002 | Lair:1   | Entered Level 1 of the Lair of Beasts
 13866 | Lair:1   | Acquired Dithmenos' second power
 14117 | Lair:2   | Reached skill level 12 in Stealth
 14318 | Lair:2   | Reached skill level 10 in Short Blades
 14500 | Lair:2   | Noticed a five-headed hydra
 15283 | Lair:2   | Reached XP level 12. HP: 74/74 MP: 15/15
 15524 | Lair:3   | Reached skill level 13 in Stealth
 15535 | Lair:3   | Gained mutation: You are partially covered in rugged brown scales (AC +1, +3% HP). [potion of beneficial mutation]
 15611 | Lair:3   | Got a brightly glowing robe
 15619 | Lair:3   | Identified the +0 robe of Negligence {rElec rN+ Str-3} (You found it on level 3 of the Lair of Beasts)
 15671 | Lair:3   | Acquired Dithmenos' third power
 15689 | Lair:3   | Noticed Gastronok
 15696 | Lair:3   | Killed Gastronok
 15777 | Lair:3   | Found a staircase to the Swamp.
 15782 | Lair:3   | Reached skill level 14 in Stealth
 16308 | Lair:4   | Found a staircase to the Snake Pit.
 17777 | Lair:5   | Got a pair of crude gloves
 17781 | Lair:5   | Identified the +0 pair of gloves "Supniwac" {Str+3 Int-1} (You found it on level 5 of the Lair of Beasts)
 18119 | Lair:5   | Reached skill level 15 in Stealth
 18264 | Lair:6   | Noticed a seven-headed hydra
 18802 | Lair:6   | Reached XP level 13. HP: 82/82 MP: 17/17
 18886 | Lair:6   | Acquired Dithmenos' fourth power
 19037 | Lair:6   | Noticed a seven-headed hydra
 19568 | Lair:7   | Found a staircase to the Slime Pits.
 20190 | Lair:8   | Entered Level 8 of the Lair of Beasts
 20196 | Lair:8   | Reached skill level 16 in Stealth
 20758 | Lair:8   | Reached skill level 10 in Fighting
 21292 | Lair:8   | Reached XP level 14. HP: 82/90 MP: 18/18
 21768 | Lair:8   | Reached skill level 17 in Stealth
 22579 | Lair:6   | Killed an eight-headed hydra
 23369 | D:10     | Noticed Erolcha
 23384 | D:10     | Killed Erolcha
 23912 | D:9      | Noticed a frost giant
 24087 | D:11     | Noticed Nergalle
 24101 | D:11     | Killed Nergalle
 24352 | D:11     | Found a frozen archway.
 24374 | IceCv    | Entered an ice cave
 24465 | IceCv    | Reached skill level 18 in Stealth
 24806 | D:11     | Noticed Urug
 24836 | D:11     | Killed Urug
 24886 | D:11     | Noticed Fannar
 24893 | D:11     | Killed Fannar
 25272 | D:12     | Found a staircase to the Orcish Mines.
 25309 | Orc:1    | Entered Level 1 of the Orcish Mines
 25582 | Orc:1    | Found Wiesoira's Gadget Shoppe.
 25733 | Orc:2    | Found a white marble altar of Elyvilon.
 26109 | Orc:2    | Reached XP level 15. HP: 69/95 MP: 20/20
 26545 | Orc:3    | Found a staircase to the Elven Halls.
 27886 | Orc:2    | Reached skill level 19 in Stealth
 27957 | Orc:2    | Found Nekoi's Antique Armour Emporium.
 27965 | Orc:2    | Bought a pair of polished gloves for 190 gold pieces
 27969 | Orc:2    | Identified the cursed -2 pair of gloves of Summertime {rElec rC+} (You bought it in a shop on level 2 of the Orcish Mines)
 28077 | Orc:3    | Found Phoips' Magic Scroll Shop.
 28089 | Orc:3    | Found a roughly hewn altar of Beogh.
 28118 | Orc:3    | Bought a scroll of blinking for 90 gold pieces
 28118 | Orc:3    | Bought a scroll of blinking for 90 gold pieces
 28215 | Orc:4    | Entered Level 4 of the Orcish Mines
 28306 | Orc:4    | Noticed Maurice
 28315 | Orc:4    | Killed Maurice
 28625 | Orc:4    | Noticed an orc warlord
 28681 | Orc:4    | Killed an orc warlord
 28733 | Orc:4    | Noticed an orc warlord
 29561 | Orc:4    | Killed an orc warlord
 29768 | Orc:4    | Got a smoking ring mail
 29778 | Orc:4    | Identified the cursed +2 ring mail of Unreason {+Blink +Rage MR+} (You took it off an orc on level 4 of the Orcish Mines)
 29884 | Orc:4    | Got a fine iron ring
 29889 | Orc:4    | Identified the ring of Moodiness {+/*Tele +Rage Str+2} (You found it on level 4 of the Orcish Mines)
 29958 | Orc:4    | Found Wejedie's Antique Weapon Boutique.
 30025 | Orc:4    | Found Kha Meaf's Antique Weapon Boutique.
 30938 | Orc:4    | Found Uti Qiutt's Gadget Shoppe.
 30942 | Orc:4    | Bought a warped dagger for 238 gold pieces
 30943 | Orc:4    | Identified the +11,+8 dagger of Magnificence {drain, +Inv rPois} (You bought it in a shop on level 4 of the Orcish Mines)
 30945 | Orc:4    | Found Gioxige's Armour Shoppe.
 31495 | Snake:1  | Entered Level 1 of the Snake Pit
 32384 | Snake:2  | Found Uliv's Weapon Emporium.
 32588 | Snake:2  | Found Meuc's Assorted Antiques.
 32636 | Snake:2  | Bought a potion of heal wounds for 108 gold pieces
 32700 | Snake:2  | Found Cosch's Gadget Emporium.
 33037 | Snake:2  | Reached skill level 20 in Stealth
 33044 | Snake:2  | Reached XP level 16. HP: 73/103 MP: 21/21
 33740 | Snake:3  | Got a scintillating jade amulet
 33745 | Snake:3  | Identified the amulet "Cuhohag" {Spirit Hunger +Blink rElec} (You took it off a naga on level 3 of the Snake Pit)
 33798 | Snake:3  | Found Plaam's General Store.
 33810 | Snake:3  | Reached skill level 15 in Dodging
 34783 | Snake:4  | Found a blossoming altar of Fedhas.
 36062 | Snake:4  | Reached skill level 10 in Shields
 36108 | Snake:4  | Noticed Aizul
 36134 | Snake:4  | Killed Aizul
 37055 | Snake:5  | Entered Level 5 of the Snake Pit
 38092 | D:13     | Noticed Erica
 38137 | D:13     | Killed Erica
 38328 | D:13     | Found a gate to the Vaults.
 39094 | D:13     | Reached skill level 21 in Stealth
 39243 | D:13     | Reached XP level 17. HP: 109/109 MP: 20/22
 39899 | D:14     | Found Yckienock's Assorted Antiques.
 40939 | D:14     | Identified the Reference Book on Dark Rituals
 41246 | D:15     | Entered Level 15 of the Dungeon
 41396 | D:15     | Gained mutation: You possess an exceptional clarity of mind. [potion of beneficial mutation]
 41587 | D:15     | Reached skill level 22 in Stealth
 41732 | D:15     | Found a staircase to the Depths.
 42607 | Swamp:1  | Entered Level 1 of the Swamp
 43113 | Swamp:1  | Noticed Snorg
 43425 | Swamp:1  | Killed Snorg
 43534 | Swamp:2  | Noticed Nikola
 43576 | Swamp:2  | Killed Nikola
 43623 | Swamp:2  | Reached XP level 18. HP: 33/116 MP: 7/25
 44466 | Swamp:2  | Reached skill level 5 in Evocations
 46256 | Swamp:4  | Reached skill level 23 in Stealth
 46802 | Swamp:5  | Entered Level 5 of the Swamp
 46982 | Swamp:5  | Noticed the 27-headed Lernaean hydra
 47102 | Swamp:5  | Killed the 27-headed Lernaean hydra
 47516 | Swamp:5  | Got a decaying rune of Zot
 47815 | Swamp:5  | Noticed Saint Roka
 47837 | Swamp:5  | Killed Saint Roka
 48614 | Swamp:5  | Killed from afar by a thorn hunter

Action                   |  1- 3 |  4- 6 |  7- 9 | 10-12 | 13-15 | 16-18 || total
-------------------------+-------+-------+-------+-------+-------+-------++-------
Melee: Cutlass           |   122 |   247 |   686 |  1219 |  1844 |       ||  4118
       Dagger            |    31 |       |       |       |   324 |  2018 ||  2373
Throw: Throwing net      |       |     5 |     7 |     1 |     2 |       ||    15
       Stone             |       |       |       |    25 |     2 |       ||    27
 Abil: Evoke Invisibilit |       |       |       |     9 |     8 |    27 ||    44
       Evoke Flight      |       |       |       |       |       |     9 ||     9
Evoke: Wand              |       |     1 |    10 |     8 |     8 |     6 ||    33
  Use: Scroll            |     6 |     2 |     2 |    14 |    13 |     9 ||    46
       Potion            |       |     8 |     5 |     6 |     9 |    10 ||    38
 Stab: Sleeping          |     2 |     5 |    13 |   100 |   152 |   148 ||   420
       Held in net/web   |       |       |     6 |     1 |     2 |       ||     9
       Distracted        |       |       |     2 |     7 |    29 |    25 ||    63
       Invisible         |       |       |       |     3 |    28 |    57 ||    88
